 Dungeon Crawl Stone Soup version 0.20-a0-531-g6a4a307 (webtiles) character file.

291 Halberto the Cudgeler (level 6, -3/70 HPs)
             Began as a Demonspawn Berserker on Jan 27, 2017.
             Was a Believer of Trog.
             Killed from afar by an orc wizard (7 damage)
             ... with a puff of flame
             ... on level 4 of the Dungeon.
             The game lasted 00:07:14 (3657 turns).

Halberto the Cudgeler (Demonspawn Berserker)        Turns: 3657, Time: 00:07:15

Health: -3/70      AC:  4    Str: 22    XL:     6   Next: 10%
Magic:  0/6        EV: 12    Int:  8    God:    Trog [**....]
Gold:   183        SH:  0    Dex: 15    Spells: 5/5 levels left

rFire    . . .     SeeInvis .   p - +0 flail
rCold    . . .     Gourm    .   h - +0 leather armour (curse)
rNeg     . . .     Faith    .   (no shield)
rPois    .         Spirit   +   t - +0 helmet
rElec    .         Reflect  .   (no cloak)
rCorr    .         Harm     .   (no gloves)
MR       ++...                  (no boots)
Stlth    ..........             (no amulet)
Regen    1.3/turn               (no ring)
                                s - ring of flight

@: berserking, lethally poisoned (-3 -> -3), regenerating, very quick
A: magic shield, sturdy frame 2
a: Berserk, Trog's Hand, Burn Spellbooks, Renounce Religion, Evoke Flight


You were on level 4 of the Dungeon.
You worshipped Trog.
Trog was pleased with you.
You were very hungry.

You visited 1 branch of the dungeon, and saw 4 of its levels.

You collected 183 gold pieces.

Inventory:

Hand Weapons
 a - a +0 mace
 p - a +0 flail (weapon)
Missiles
 w - 2 tomahawks (quivered)
Armour
 d - a +0 chain mail
 h - a cursed +0 leather armour (worn)
 t - a +0 helmet (worn)
Jewellery
 s - a ring of flight (left hand)
Scrolls
 b - 2 scrolls of remove curse {unknown}
 i - 2 scrolls of identify {unknown}
 k - a scroll of enchant armour {unknown}
 r - a scroll of amnesia {unknown}
Potions
 e - 4 potions of curing {unknown}
 g - 2 potions of agility {unknown}
 j - a potion of might {unknown}
 l - 2 potions of brilliance {unknown}
 n - a potion of lignification {unknown}
 q - 2 potions of magic {unknown}
 u - a potion of berserk rage {unknown}
 v - a potion of resistance {unknown}
Comestibles
 c - 2 bread rations
 m - a royal jelly
 o - 2 meat rations


   Skills:
 - Level 3.0 Fighting
 * Level 6.3 Maces & Flails
 - Level 1.7 Armour
 - Level 1.7 Dodging


You had 5 spell levels left.
You didn't know any spells.

Dungeon Overview and Level Annotations

Branches:
Dungeon (4/15)
 Temple: D:4-7

Altars:
Fedhas
Zin
The Shining One


Innate Abilities, Weirdness & Mutations

When hurt, damage is shared between your health and your magic reserves.
Your movements are less encumbered by armour. (ER -4)


Message History

The scorpion is heavily wounded.
You feel sick. The scorpion barely misses you.
You sock the scorpion!
You kill the scorpion!
Trog accepts your kill.
You have reached level 6!
Your experience leads to an increase in your attributes!
Your base attributes are Str 17, Int 8, Dex 14.
Increase (S)trength, (I)ntelligence, or (D)exterity?
You feel agile. The orc wizard hits you with a dagger.
* * * LOW HITPOINT WARNING * * *
The orc barely misses you.
You closely miss the orc wizard.
You feel sick. The orc misses you. The orc wizard closely misses you.
You hit the orc wizard.
The orc wizard is moderately wounded.
The orc wizard casts a spell at you. The puff of flame hits you!
You die...

#..### ..##.#
#....##.#...
##.#..#.....
#.##....#
#......##
###....#
##......###..
####..##†.......
.(.....@o.......
......##o..##...
..... .o.......
.... .#...%..(.
.... .......##..
.. .# .##.... .
. .. . ..... ..
.. ...).


You could see an orc wizard and 2 orcs.

Vanquished Creatures
  2 scorpions (D:4)
  3 gnolls (D:2)
  8 adders
  An ooze (D:2)
  3 worms
  3 dart slugs
  3 leopard geckos
  2 orcs
  6 ball pythons (D:3)
  4 bats
  A giant cockroach (D:2)
  8 goblins
  6 hobgoblins
  8 jackals
  2 kobolds (D:1)
  3 quokkas
  3 frilled lizards (D:1)
  4 rats
70 creatures vanquished.

Notes
Turn   | Place    | Note
-------+----------+-------------------------------------------
     0 | D:1      | Halberto the Demonspawn Berserker began the quest for the Orb.
     0 | D:1      | Reached XP level 1. HP: 18/18 MP: 1/1
   305 | D:1      | Reached skill level 3 in Maces & Flails
   571 | D:1      | Gained mutation: When hurt, damage is shared between your health and your magic reserves. [demonic ancestry]
   571 | D:1      | Reached XP level 2. HP: 13/24 MP: 2/2
  1144 | D:2      | Gained mutation: Your movements are slightly less encumbered by armour. (ER -2) [demonic ancestry]
  1144 | D:2      | Reached XP level 3. HP: 24/29 MP: 1/3
  1248 | D:2      | Reached ** piety under Trog
  1248 | D:2      | Reached skill level 4 in Maces & Flails
  1257 | D:2      | Reached XP level 4. HP: 18/35 MP: 1/4
  1451 | D:2      | Found a glowing silver altar of Zin.
  1887 | D:2      | Found a blossoming altar of Fedhas.
  2180 | D:2      | Found a glowing golden altar of the Shining One.
  2470 | D:3      | Reached skill level 5 in Maces & Flails
  3107 | D:3      | Found a faded altar of an unknown god.
  3157 | D:3      | Gained mutation: Your movements are less encumbered by armour. (ER -4) [demonic ancestry]
  3157 | D:3      | Reached XP level 5. HP: 39/41 MP: 5/5
  3653 | D:4      | Reached skill level 6 in Maces & Flails
  3655 | D:4      | Reached XP level 6. HP: 7/47 MP: 1/6
  3656 | D:4      | HP: 3/70 [poisoned by a scorpion]
  3657 | D:4      | Killed from afar by an orc wizard

Vault maps used:
D:1:      minmay_arrival_pointy
D:2:      nicolae_tso_swordbearing_angel, marbit_many_paths, zin_statuary,
          corexii_item_surrounded_by_moat, kennysheep_generic_room_5
D:3:      chequers_ecumenical_altar_lobes, minmay_snake_closets
D:4:      kennysheep_mini_moat, first_bread, kennysheep_generic_room_15,
          uniq_grinder, uniq_crazy_yiuf_cottage

Skill      XL: |  1  2  3  4  5 |
---------------+----------------+-----
Maces & Flails | 3 4 5 6 |  6.3
Fighting       | |  3.0
Armour         | |  1.7
Dodging        | |  1.7

Action                   |  1- 3 |  4- 6 || total
-------------------------+-------+-------++-------
Melee: Mace              |   109 |       ||   109
       Flail             |       |   155 ||   155
Invok: Berserk           |       |     1 ||     1
       Trog's Hand       |       |     1 ||     1
 Stab: Sleeping          |       |     6 ||     6
  Eat: Chunk             |     1 |     8 ||     9
Armor: Leather armour    |    28 |    32 ||    60
       Chain mail        |     7 |       ||     7
Dodge: Dodged            |    86 |   115 ||   201
